 Dungeon Crawl Stone Soup version 0.32-a0-876-gcfddb08e57 (webtiles) character file.

Game seed: 14130908878760372717

112449 Drazool the Warrior (level 16, -7/98 HPs)
             Began as a Vine Stalker Fighter on Mar 25, 2024.
             Was a Priest of Uskayaw.
             Mangled by an entropy weaver simulacrum (8 damage)
             ... on level 3 of the Lair of Beasts on Apr 1, 2024.
             The game lasted 01:36:59 (25029 turns).

Drazool the Warrior (Vine Stalker Fighter)         Turns: 25029, Time: 01:37:01

Health: -7/98      AC: 10    Str: 25    XL:     16   Next: 60%
Magic:  0/27       EV: 14    Int:  8    God:    Uskayaw [***...]
Gold:   36         SH:  6    Dex: 22    Spells: 15/15 levels left

rFire   + + .        V - +3 short sword (drain)
rCold   + . .        c - +0 buckler
rNeg    + . .        e - +2 chain mail {rF+}
rPois   +            X - +1 hat
rElec   +            u - scarf {rC+ rF+}
rCorr   .            Q - +2 pair of gloves
SInv    .            U - +1 pair of boots {Fly}
Will    +++..        g - amulet of faith {!P}
Stlth   +++          P - ring of poison resistance
HPRegen 1.16/turn    m - ring "Coziapolu" {rElec rN+ Will+ Str+6}
MPRegen 0.20/turn

%: guardian spirit, faith
@: corroded, flying
A: fangs 3, regeneration 1, magic shield, antimagic bite, no potion heal 2
a: Renounce Religion, Stomp, Line Pass


You were on level 3 of the Lair of Beasts.
You worshipped Uskayaw.
Uskayaw was pleased with you.
You visited 5 branches of the dungeon, and saw 24 of its levels.
You visited 1 bazaar.

You collected 2289 gold pieces.
You spent 2253 gold pieces at shops.


Innate Abilities, Weirdness & Mutations

You have razor-sharp teeth.
Your natural rate of healing is unusually fast.
When hurt, damage is shared between your health and your magic reserves.
Your bite disrupts and absorbs the magic of your enemies.
Potions cannot restore your health.


   Skills:
 - Level 17.0 Fighting
 - Level 10.0 Short Blades
 - Level 6.0 Throwing
 - Level 5.0 Armour
 + Level 9.8 Dodging
 - Level 12.0 Stealth
 - Level 5.0 Shields
 - Level 14.0 Invocations
 - Level 5.0 Evocations


You had 15 spell levels left.
You didn't know any spells.
Your spell library contained the following spells:

 Spells                   Type           Power      Damage    Failure   Level
 Magic Dart               Conj           0%         1d3       95%         1
 Blink                    Tloc           0%         N/A       98%         2
 Call Imp                 Summ           0%         N/A       98%         2
 Scorch                   Fire           0%         2d5       98%         2
 Inner Flame              Hex/Fire       0%         N/A       100%        3
 Tukima's Dance           Hex            0%         N/A       100%        3
 Dimensional Bullseye     Hex/Tloc       0%         N/A       100%        4
 Flame Wave               Conj/Fire      0%         2d4       100%        4
 Iskenderun's Mystic Bla Conj/Tloc 0%             2d3        (+2d1     100%        4
 Sticky Flame             Fire/Alch      0%         2d4       100%        4
 Arcjolt                  Conj/Air       0%         1d10      100%        5
 Sculpt Simulacrum        Ice/Alch       0%         N/A       100%        6
 Summon Cactus Giant      Summ           0%         N/A       100%        6
 Ozocubu's Refrigeration  Ice            0%         4d7       100%        7
 Polar Vortex             Ice            0%         N/A       100%        9

Inventory:

Hand Weapons
 a - a +3 dagger of speed
 b - a +8 falchion
 B - a +0 dagger of protection
 V - a +3 short sword of draining (weapon)
Missiles
 s - 8 boomerangs
 t - 15 poisoned darts (quivered)
 O - a curare-tipped dart {=f}
Armour
 c - a +0 buckler (worn)
 e - a +2 chain mail of fire resistance (worn)
 u - a scarf of resistance (worn)
 Q - a +2 pair of gloves (worn)
 T - a +0 cloak
 U - a +1 pair of boots of flying (worn)
 X - a +1 hat (worn)
Jewellery
 g - an amulet of faith (around neck) {!P}
 m - the ring "Coziapolu" (right hand) {rElec rN+ Will+ Str+6}
   (You took it off a gnoll on level 6 of the Dungeon)

   [ring of strength]

   Str+6:     It affects your strength (+6).
   rElec:     It insulates you from electricity.
   rN+:       It protects you from negative energy.
   Will+:     It increases your willpower.
 v - a ring of see invisible
 D - a +6 ring of dexterity
 E - a +5 ring of evasion
 L - the ring of Unemamm {rC+ Will- Str+3 Dex+4}
   (You found it on level 9 of the Dungeon)

   [ring of protection from cold]

   Str+3:     It affects your strength (+3).
   Dex+4:     It affects your dexterity (+4).
   rC+:       It protects you from cold.
   Will-:     It decreases your willpower.
 M - a ring of magical power
 P - a ring of poison resistance (left hand)
Wands
 y - a wand of charming (16)
 C - a wand of iceblast (12)
 N - a wand of quicksilver (3)
Scrolls
 h - a scroll of revelation
 i - 3 scrolls of amnesia
 j - 3 scrolls of poison
 n - 2 scrolls of vulnerability
 p - 2 scrolls of fear
 q - 7 scrolls of teleportation {@r2}
 z - 5 scrolls of fog
 F - a scroll of blinking
 G - 2 scrolls of immolation
 I - a scroll of brand weapon
 R - 2 scrolls of butterflies
 W - 7 scrolls of identify {@r1}
 Y - a scroll of enchant weapon
Potions
 d - a potion of might
 f - 12 potions of curing {@q1}
 k - 7 potions of mutation
 l - 4 potions of haste {@q3}
 o - a potion of attraction
 r - 2 potions of resistance
 w - 4 potions of magic
 x - 3 potions of berserk rage {!q}
 A - a potion of enlightenment
 H - 2 potions of lignification
 J - a potion of invisibility
 S - a potion of brilliance
Miscellaneous
 K - a phial of floods

Dungeon Overview and Level Annotations

Branches:
Dungeon (15/15)            Temple (1/1) D:5            Lair (5/5) D:9
  Swamp (0/4) Lair:2       Spider (1/4) Lair:3        Slime (0/5) Lair:5
    Orc (2/2) D:10            Elf (0/3) Orc:2        Vaults (0/5) D:13
 Depths (0/4) D:15

Altars:
Ashenzari
Cheibriados
Dithmenos
Elyvilon
Fedhas
Gozag
Hepliaklqana
Kikubaaqudgha
Makhleb
Nemelex Xobeh
Okawaru
Qazlal
Ru
Sif Muna
Trog
Uskayaw
Vehumet
Wu Jian
Xom
Yredelemnul
Zin
The Shining One
Beogh
Jiyva

Shops:
D:10 *??(*   D:15 [[[[   Orc:2 [(?:

Annotations:
D:5 1 runed translucent door, KSaturn's ghost, amateur HuMo
D:12 3 runed translucent doors, cforsyth's ghost, journeyman DESu
D:14 1 runed translucent door, Kaufec's ghost, adept SpDe
Lair:2 1 runed translucent door, redkitty's ghost, journeyman GrEE

#..#.## ####...... #....#
#..#####.. ###...#
##...###..P #.#...#
#.....##... ##....#
#......#..# #####b..##
##..#..#...#
##.P##.b..####b##..###...
#....bbb.###.b...#.###..#
##....bb@#Zbbbb.#...#....
##..b.bbZ>.Z..#...#.....
##.b.bb#†bbb..#.#^#...#
##.##b###..#....###...
####.# ##.###..###... ###
##......#....
##........P. #.....#####
#..^..#


You could see a redback simulacrum (ally target) and an entropy weaver
simulacrum (ally target).


Message History

The tarantella simulacrum closely misses you.
Things that are here:
a steelbarb worm corpse; a tarantella corpse
As you read the scroll of butterflies, it crumbles to dust.
You hear the flapping of tiny wings.
The entropy weaver simulacrum is knocked back by the sudden gust.
The redback simulacrum is knocked back by the sudden gust.
The tarantella simulacrum is knocked back by the sudden gust.
The redback simulacrum bites your butterfly!
Your butterfly dies!
Your butterfly disappears in a burst of colours!
The tarantella simulacrum hits you.
* * * LOW HITPOINT WARNING * * *
The tarantella simulacrum freezes you. You resist.
* * * LOW HITPOINT WARNING * * *
Unknown command.
The redback simulacrum bites your butterfly!
Your butterfly dies!
Your butterfly disappears in a burst of colours!
Something hits your butterfly.
Your butterfly dies!
Your butterfly disappears in a burst of colours!
The entropy weaver simulacrum attacks as it pursues you!
You block the entropy weaver simulacrum's attack.
The entropy weaver simulacrum hits you!
* * * LOW HITPOINT WARNING * * *
The entropy weaver simulacrum freezes you!
You resist.
You die...
Your body falls in perfect tune with the rhythm.

Skill      XL: |  1  2  3  4  5  6  7  8  9 10 11 12 13 14 15 16 |
---------------+-------------------------------------------------+-----
Short Blades   | 2 3 4 5 7 10 | 10.0
Fighting       | 4 5 8 9 12 15 17 | 17.0
Invocations    | 2 5 9 10 13 14 | 14.0
Stealth        | 8 9 12 | 12.0
Throwing       | 5 6 |  6.0
Armour         | 5 |  5.0
Evocations     | 5 |  5.0
Dodging        | 5 8 9 |  9.8
Shields        | 4 5 |  5.0

Action                     |  1- 3 |  4- 6 |  7- 9 | 10-12 | 13-15 | 16-18 || total
---------------------------+-------+-------+-------+-------+-------+-------++-------
  Melee: Rapier            |   102 |    83 |       |       |       |       ||   185
         Bite              |    24 |    30 |    68 |   198 |   565 |    97 ||   982
         Short sword       |       |    28 |   222 |   493 |  1191 |   227 ||  2161
         Dagger            |       |       |       |     9 |    81 |       ||    90
         Falchion          |       |       |       |     5 |       |       ||     5
  Throw: Dart              |       |    12 |     7 |    73 |   110 |     3 ||   205
         Boomerang         |       |     5 |       |     4 |     3 |       ||    12
         Throwing net      |       |       |       |     4 |       |       ||     4
 Invoke: Stomp             |       |       |     1 |     3 |    23 |    13 ||    40
         Line Pass         |       |       |       |     1 |       |     2 ||     3
         Grand Finale      |       |       |       |     1 |     2 |     1 ||     4
  Evoke: Wand              |       |     4 |     2 |     7 |    10 |       ||    23
    Use: Scroll            |       |     4 |     6 |    13 |     9 |     4 ||    36
         Potion            |       |       |       |       |     4 |       ||     4
   Stab: Paralysed         |       |       |    10 |    37 |    76 |    30 ||   153
         Sleeping          |       |       |     1 |     5 |    20 |     3 ||    29
         Distracted        |       |       |       |     4 |     2 |       ||     6
         Held in net/web   |       |       |       |     6 |       |       ||     6
         Betrayed ally     |       |       |       |       |     1 |       ||     1
         Confused          |       |       |       |       |       |     2 ||     2
 Armour: Scale mail        |    70 |    56 |   194 |   143 |       |       ||   463
         Robe              |       |       |       |     6 |       |       ||     6
         Acid dragon scale |       |       |       |   102 |   303 |       ||   405
         Chain mail        |       |       |       |       |   175 |   167 ||   342
         Skin              |       |       |       |       |     4 |       ||     4
  Dodge: Dodged            |    29 |    22 |    92 |   134 |   385 |   113 ||   775
  Block: Buckler           |    20 |    24 |    41 |    74 |   186 |    59 ||   404

Levels and vault maps discovered:
D:1:      wander_arrival_lonely_grave, layout_basic
D:2:      layout_basic, ebering_dispersal_statue_hall
D:3:      layout_basic, kennysheep_nub
D:4:      layout_loops_ring, serial_shops, nicolae_shop_trees, grunt_tough_drop
D:5:      layout_basic, minmay_temple_entry_antechambers,
          ebering_ghost_reflecting_pool, hangedman_decor_opposing
D:6:      cheibrodos_fzero, layout_rooms, mainiacjoe_overflow_chevrons
D:7:      layout_rooms, nicolae_overflow_hidden_temple, minmay_ruined_shrine,
          uniq_pikel
D:8:      layout_basic, serial_bayou, serial_bayou_shore_b, serial_bayou_pond_b,
          serial_bayou_pond_c, serial_bayou_pond_b, uniq_erica
D:9:      layout_stronghold, mainiacjoe_overflow_small_starburst,
          minmay_lair_entry_lava
D:10:     layout_irregular_city, orc_0_dummy, serial_shops,
          nicolae_shop_just_a_little_nook, shop, nicolae_lakefront_shop, shop,
          shop
D:11:     layout_stronghold
D:12:     layout_grid_maze, gammafunk_ghost_nasty_kobolds
D:13:     layout_cave_pools, skrybe_vaults_entry_preservation
D:14:     layout_roguey [special_room_mythical_zoo], gammafunk_ghost_grave,
          nicolae_wu_jian_wuxing_cycle, bloody_makhleb
D:15:     hangedman_depths_entry_try_elsewhere_first, layout_cave_pools,
          corexii_corridor_pit, serial_shops, bzr_entry_dummy,
          nicolae_shop_hallway_stairs, shop, nicolae_shop_tiny_waterfront, shop
Temple:   hc_temple_tempest_star
Lair:1:   layout_regular_city
Lair:2:   wander_river, layout_chaotic_city, minmay_swamp_entry_worms,
          gammafunk_ghost_grave, serial_bayou_pond_a, nicolae_lair_lindhole,
          grunt_megastairs_3, uniq_amaemon
Lair:3:   layout_misc_corridors, hellmonk_spider_entry_life_and_decay,
          roderic_carrion_pond
Lair:4:   layout_roguey
Lair:5:   evilmike_catoblepas_cave, layout_cellular_growth,
          minmay_slime_entry_jelly_boxes, grunt_megastairs_4,
          serial_bayou_shore_a
Spider:1: layout_spider_delve
Orc:1:    layout_caves, abandoned_shop, nicolae_orc_beogh_chapel,
          dreamdust_deal_with_the_devil
Orc:2:    st_orc_elflike, layout_caves, uniq_azrael, uniq_urug, uniq_saint_roka

Notes
Turn   | Place    | Note
-------+----------+-------------------------------------------
     0 | D:1      | Drazool the Vine Stalker Fighter began the quest for the
                  | Orb.
     0 | D:1      | Reached XP level 1. HP: 11/11 MP: 2/2
    64 | D:1      | Reached skill level 2 in Short Blades
   164 | D:1      | Reached XP level 2. HP: 16/16 MP: 1/3
  1032 | D:2      | Reached skill level 3 in Short Blades
  1173 | D:2      | Reached XP level 3. HP: 19/19 MP: 4/4
  2353 | D:3      | Reached XP level 4. HP: 23/23 MP: 5/5
  2527 | D:3      | Reached skill level 4 in Short Blades
  2863 | D:4      | Noticed an ogre
  2864 | D:4      | Reached XP level 5. HP: 17/27 MP: 6/6
  3044 | D:4      | Found Vumycs's Weapon Shoppe.
  3324 | D:4      | Reached skill level 5 in Short Blades
  3324 | D:4      | Reached skill level 3 in Fighting
  3634 | D:4      | Killed an ogre
  3635 | D:4      | Reached skill level 4 in Fighting
  3635 | D:4      | Reached XP level 6. HP: 33/33 MP: 7/7
  3975 | D:5      | Entered Level 5 of the Dungeon
  4096 | D:5      | Found a staircase to the Ecumenical Temple.
  4105 | Temple   | Entered the Ecumenical Temple
  4132 | Temple   | Became a worshipper of Uskayaw the Reveller
  4180 | D:5      | Reached * piety under Uskayaw
  4181 | D:5      | Reached ** piety under Uskayaw
  4182 | D:5      | Reached skill level 2 in Invocations
  4259 | D:5      | Identified the +7 flail "Guc Hen" {drain, rF+ Dex+5}
  4484 | D:5      | Reached XP level 7. HP: 36/37 MP: 10/10
  4706 | D:5      | Found a runed translucent door.
  4707 | D:5      | Noticed KSaturn's ghost (amateur HuMo)
  4819 | D:5      | Reached skill level 3 in Invocations
  4961 | D:5      | Reached *** piety under Uskayaw
  4963 | D:5      | Reached skill level 4 in Invocations
  5282 | D:6      | Found a bloodstained altar of Trog.
  5422 | D:6      | Noticed a steam dragon
  5445 | D:6      | Killed a steam dragon
  5446 | D:6      | Reached skill level 5 in Invocations
  5549 | D:6      | Noticed a yak
  5555 | D:5      | Gained mutation: You have razor-sharp teeth. [Vine Stalker
                  | growth]
  5555 | D:5      | Reached XP level 8. HP: 30/42 MP: 13/13
  5561 | D:5      | Reached **** piety under Uskayaw
  5562 | D:5      | Reached skill level 6 in Invocations
  5657 | D:5      | Killed a yak
  5660 | D:5      | Reached ***** piety under Uskayaw
  5665 | D:5      | Reached skill level 7 in Invocations
  5803 | D:6      | Noticed a wyvern
  5806 | D:6      | Reached skill level 8 in Invocations
  5882 | D:5      | Killed a wyvern
  5913 | D:5      | Reached skill level 9 in Invocations
  5959 | D:5      | Reached XP level 9. HP: 28/45 MP: 17/17
  6091 | D:6      | Identified the ring "Coziapolu" {rElec rN+ Will+ Str+6}
  6243 | D:6      | Reached skill level 10 in Invocations
  6482 | D:6      | Reached skill level 1 in Stealth
  6746 | D:7      | Reached skill level 5 in Fighting
  6746 | D:7      | Reached skill level 2 in Stealth
  6774 | D:7      | Reached skill level 4 in Stealth
  6830 | D:7      | Noticed Pikel
  6867 | D:7      | Reached skill level 5 in Stealth
  6889 | D:7      | Killed Pikel
  6890 | D:7      | Reached skill level 7 in Stealth
  7016 | D:7      | Reached skill level 8 in Stealth
  7016 | D:7      | Reached XP level 10. HP: 51/51 MP: 18/18
  7176 | D:7      | Reached skill level 9 in Stealth
  7214 | D:7      | Found a broken altar of Ashenzari.
  7379 | D:7      | Found a glowing golden altar of the Shining One.
  7380 | D:7      | Found a shadowy altar of Dithmenos.
  7519 | D:8      | Reached skill level 6 in Fighting
  7751 | D:8      | Noticed a cyclops
  7778 | D:8      | Killed a cyclops
  7779 | D:8      | Reached skill level 7 in Fighting
  7982 | D:8      | Noticed Erica
  7988 | D:8      | Killed Erica
  7989 | D:8      | Reached skill level 8 in Fighting
  8281 | D:8      | Reached skill level 6 in Short Blades
  8376 | D:8      | Reached skill level 7 in Short Blades
  8376 | D:8      | Reached XP level 11. HP: 37/60 MP: 13/19
  8378 | D:8      | Reached ****** piety under Uskayaw
  8679 | D:7      | Upgraded the game from 0.32-a0-834-geaf45d8e21 to
                  | 0.32-a0-841-g4648e6c457
  8767 | D:9      | Reached skill level 8 in Short Blades
  8911 | D:9      | Noticed a two-headed ogre
  8920 | D:9      | Killed a two-headed ogre
  9037 | D:9      | Found an ancient bone altar of Kikubaaqudgha.
  9171 | D:9      | Noticed a two-headed ogre
  9184 | D:9      | Killed a two-headed ogre
  9185 | D:9      | Reached skill level 9 in Short Blades
  9185 | D:9      | Reached skill level 1 in Throwing
  9213 | D:9      | Found a staircase to the Lair.
  9213 | D:9      | Noticed a fire crab
  9568 | D:9      | Killed a fire crab
  9569 | D:9      | Reached skill level 2 in Throwing
  9805 | D:9      | Identified the ring of Unemamm {rC+ Will- Str+3 Dex+4}
 10157 | D:10     | Entered Level 10 of the Dungeon
 10164 | D:10     | Found Sefim's Assorted Antiques.
 10173 | D:10     | Bought a worn wooden wand for 112 gold pieces
 10245 | D:10     | Noticed a two-headed ogre
 10446 | D:10     | Found Hocinaju's Magic Scroll Boutique.
 10455 | D:10     | Bought a scroll of identify for 26 gold pieces
 10455 | D:10     | Bought a scroll of butterflies for 52 gold pieces
 10455 | D:10     | Bought a scroll of enchant armour for 97 gold pieces
 10464 | D:10     | Found Bioleyck's Magic Scroll Boutique.
 10466 | D:10     | Found Cittecof's Antique Weapon Emporium.
 10471 | D:10     | Bought a scroll of identify for 28 gold pieces
 10471 | D:10     | Bought a scroll of identify for 28 gold pieces
 10605 | D:10     | Reached skill level 10 in Short Blades
 10605 | D:10     | Reached skill level 3 in Throwing
 10675 | D:10     | Found a staircase to the Orcish Mines.
 10721 | D:10     | Reached skill level 4 in Throwing
 10789 | D:10     | Noticed a deep elf pyromancer
 10807 | D:10     | Killed a deep elf pyromancer
 10821 | D:10     | Killed a two-headed ogre
 10822 | D:10     | Reached skill level 5 in Throwing
 10822 | D:10     | Reached XP level 12. HP: 33/64 MP: 11/20
 11027 | D:10     | Reached skill level 6 in Throwing
 11148 | D:10     | Found Kikualeutz's Assorted Antiques.
 11155 | D:10     | Bought a scroll of identify for 56 gold pieces
 11231 | D:10     | Reached skill level 3 in Armour
 11360 | Lair:1   | Entered Level 1 of the Lair of Beasts
 11409 | Lair:1   | Identified the +5 falchion of Indomitability {antimagic,
                  | *Rage rF+++ rCorr Str-5}
 11475 | Lair:1   | Reached skill level 4 in Armour
 11543 | D:9      | Reached skill level 5 in Armour
 11583 | Lair:1   | Reached skill level 1 in Evocations
 11759 | Lair:1   | Reached skill level 2 in Evocations
 12242 | Lair:2   | Noticed a four-headed hydra
 12258 | Lair:1   | Reached skill level 3 in Evocations
 12309 | Lair:2   | Found a runed translucent door.
 12310 | Lair:2   | Noticed redkitty's ghost (journeyman GrEE)
 12336 | Lair:2   | Noticed Amaemon
 12349 | Lair:2   | Killed Amaemon
 12379 | Lair:2   | Reached skill level 4 in Evocations
 12423 | Lair:2   | Reached skill level 5 in Evocations
 12607 | Lair:2   | Reached skill level 9 in Fighting
 12613 | Lair:2   | Killed a four-headed hydra
 12692 | Lair:2   | Reached XP level 13. HP: 64/71 MP: 17/21
 12814 | Lair:2   | Reached skill level 10 in Fighting
 13179 | Lair:2   | Found a staircase to the Swamp.
 13417 | Lair:3   | Reached skill level 11 in Fighting
 13580 | Lair:3   | Reached skill level 12 in Fighting
 13583 | Lair:3   | Reached skill level 1 in Dodging
 13652 | Lair:3   | Reached skill level 2 in Dodging
 13915 | Lair:3   | Found a hole to the Spider Nest.
 13921 | Lair:3   | Reached skill level 3 in Dodging
 14219 | Lair:4   | Reached skill level 4 in Dodging
 14310 | Lair:4   | Got the Grimoire of Striking
 14365 | Lair:4   | Reached skill level 5 in Dodging
 14377 | Lair:4   | Reached skill level 3 in Shields
 14466 | Lair:4   | Reached skill level 4 in Shields
 14525 | Lair:4   | Identified the +4 hand axe "Goblinslayer" {protect, Int+3}
 14622 | Lair:4   | Reached XP level 14. HP: 80/80 MP: 22/22
 14739 | Lair:4   | Reached skill level 5 in Shields
 15044 | Lair:5   | Entered Level 5 of the Lair of Beasts
 15246 | Lair:5   | Reached skill level 10 in Stealth
 15328 | Lair:5   | Found a staircase to the Slime Pits.
 15328 | Lair:5   | Found a viscous altar of Jiyva.
 15376 | Lair:5   | Reached skill level 11 in Stealth
 15603 | Lair:5   | Reached skill level 12 in Stealth
 15883 | Lair:5   | Reached skill level 11 in Invocations
 16579 | Lair:5   | Reached skill level 12 in Invocations
 16698 | Lair:5   | Reached skill level 13 in Invocations
 17180 | Orc:1    | Entered Level 1 of the Orcish Mines
 17194 | Orc:1    | Reached XP level 15. HP: 80/84 MP: 23/26
 17308 | Orc:2    | Entered Level 2 of the Orcish Mines
 17308 | Orc:2    | Noticed Azrael
 17462 | Orc:1    | Killed Azrael
 17834 | Orc:2    | Found Nageizeo's Armour Emporium.
 18407 | Orc:2    | Upgraded the game from 0.32-a0-841-g4648e6c457 to
                  | 0.32-a0-876-gcfddb08e57
 18416 | Orc:2    | Found Losuwn's Antique Weapon Emporium.
 18417 | Orc:2    | Found Qinoq's Book Boutique.
 18447 | Orc:2    | Found Litasocs's Magic Scroll Boutique.
 18458 | Orc:2    | Bought a scroll of identify for 32 gold pieces
 18458 | Orc:2    | Bought a scroll of identify for 32 gold pieces
 18458 | Orc:2    | Bought a scroll of identify for 32 gold pieces
 18460 | Orc:2    | Identified 2 potions of resistance
 18560 | Orc:2    | Noticed Saint Roka
 18571 | Orc:1    | Noticed an orc warlord
 18838 | Orc:2    | Noticed Urug
 18850 | Orc:2    | Killed Saint Roka
 18851 | Orc:2    | Reached skill level 13 in Fighting
 18851 | Orc:2    | Reached skill level 6 in Dodging
 18851 | Orc:2    | Reached skill level 14 in Invocations
 18852 | Orc:2    | Killed Urug
 19011 | Orc:2    | Found a staircase to the Elven Halls.
 19208 | Orc:2    | Bought a +2 pair of gloves for 231 gold pieces
 19328 | Orc:1    | Found the +4 robe of Folly {Brill Will-∞ Int+8}
 19482 | Orc:1    | Found a roughly hewn altar of Beogh.
 19499 | Orc:1    | You fall into a shaft and drop 1 floor!
 19920 | Orc:1    | Killed an orc warlord
 21396 | D:12     | Found a runed translucent gate.
 21397 | D:12     | Found a runed translucent gate.
 21397 | D:12     | Noticed cforsyth's ghost (journeyman DESu)
 21398 | D:12     | Found a runed translucent gate.
 21794 | D:12     | Identified the +11 dagger of Dinadean {heavy, rF+ Will+}
 22272 | D:13     | Reached skill level 14 in Fighting
 22272 | D:13     | Reached skill level 7 in Dodging
 22374 | D:13     | Found a gate to the Vaults.
 22522 | D:13     | Identified the +1 leather armour of the Blizzard {rElec
                  | Dex-3 Stlth+}
 22900 | D:14     | Found an ornate altar of the Wu Jian Council.
 23045 | D:14     | Reached skill level 15 in Fighting
 23050 | D:14     | Reached skill level 8 in Dodging
 23054 | D:14     | Reached XP level 16. HP: 69/95 MP: 27/27
 23371 | D:14     | Found a burning altar of Makhleb.
 23408 | D:14     | Found a runed translucent door.
 23408 | D:14     | Noticed Kaufec's ghost (adept SpDe)
 23644 | D:15     | Entered Level 15 of the Dungeon
 23646 | D:15     | Found Iducyhon's Antique Armour Shoppe.
 23661 | D:15     | Found Roneps's Armour Boutique.
 23805 | D:15     | Reached skill level 16 in Fighting
 23813 | D:15     | Found Golaigas's Armour Shoppe.
 23828 | D:15     | Found a flickering gateway to a bazaar.
 23842 | D:15     | Reached skill level 9 in Dodging
 23849 | Bazaar   | Entered a bazaar
 23849 | Bazaar   | Found Atoz's Distillery.
 23849 | Bazaar   | Found Viask's Jewellery Shop.
 23849 | Bazaar   | Found Veotao's General Store.
 23851 | Bazaar   | Found Kiosheack's Book Boutique.
 23851 | Bazaar   | Found Yboll's Armour Shoppe.
 23889 | Bazaar   | Bought a potion of haste for 120 gold pieces
 23889 | Bazaar   | Bought a potion of haste for 120 gold pieces
 23892 | Bazaar   | Bought a scroll of butterflies for 40 gold pieces
 23892 | Bazaar   | Bought a phial of floods for 400 gold pieces
 23941 | D:15     | Bought a +0 pair of boots of flying for 195 gold pieces
 24052 | D:10     | Bought a scroll of enchant weapon for 210 gold pieces
 24052 | D:10     | Bought a scroll of enchant armour for 210 gold pieces
 24198 | D:15     | Bought a glowing scarf for 232 gold pieces
 24198 | D:15     | Identified a scarf of resistance (You bought it in a shop
                  | on level 15 of the Dungeon)
 24287 | D:15     | Found a staircase to the Depths.
 24516 | D:15     | Found Ruefig's Antique Armour Shop.
 24878 | Spider:1 | Entered Level 1 of the Spider Nest
 24961 | Lair:3   | Reached skill level 17 in Fighting
 25028 | Lair:3   | HP: 9/98 [tarantella simulacrum (5)]
 25029 | Lair:3   | HP: 1/98 [entropy weaver simulacrum (9)]
 25029 | Lair:3   | Mangled by an entropy weaver simulacrum

Vanquished Creatures
  Saint Roka (Orc:2)
  An ironbound preserver (D:13)
  An orc warlord (Orc:1)
  Azrael (Orc:1)
  A dire elephant (D:15)
  An entropy weaver (Lair:3)
  An ogre mage (D:15)
  8 hydras
  4 catoblepae
  A radroach (Lair:3)
  Erica (D:8)
  5 boulder beetles
  5 centaur warriors
  11 two-headed ogres
  15 death yaks
  A tengu warrior (D:14)
  A demonic crawler (Spider:1)
  Urug (Orc:2)
  3 orc high priests (Orc:2)
  2 skysharks
  A fire crab (D:9)
  Amaemon (Lair:2)
  A pharaoh ant (Spider:1)
  Pikel (D:7)
  2 deep elf pyromancers
  3 lindwurms (Lair:2)
  7 orc knights
  A steelbarb worm (Lair:3)
  2 oklob plants
  10 ugly things
  3 wolf spiders
  5 cyclopes
  8 orc sorcerers
  A salamander (D:15)
  A meliai (D:13)
  2 manticores
  3 kobold blastminers
  8 black mambas
  3 elephants (Lair:5)
  A gargoyle (D:10)
  A torpor snail (Lair:1)
  2 unseen horrors
  An orange demon (Lair:2)
  10 cane toads
  8 rime drakes (D:14)
  9 komodo dragons
  2 tengu conjurers
  3 polar bears
  A troll (shapeshifter) (D:15)
  2 trolls
  2 tyrant leeches (Lair:2)
  3 tarantellas
  2 hornets
  A wolf spider simulacrum (D:15)
  17 blink frogs
  A centaur simulacrum (D:15)
  A jumping spider (Lair:3)
  3 culicivoras
  3 wraiths
  15 wyverns
  84 yaks
  2 shadows
  3 fire elementals (Orc:1)
  4 wargs (Orc:1)
  6 basilisks
  3 steam dragons
  4 redbacks
  12 vampire mosquitoes
  3 acid dragons
  18 water moccasins
  16 orc warriors
  4 hell hounds
  A meliai simulacrum (D:14)
  An ice beast (D:7)
  2 black bears (D:5)
  2 laughing skulls (D:14)
  2 sky beasts
  12 ogres
  6 centaurs
  28 wolves
  A lemure (D:7)
  2 kobold brigands
  12 bullfrogs
  2 gnoll sergeants
  2 scorpions
  7 wights
  12 killer bees
  3 electric eels
  A howler monkey (D:10)
  2 hounds
  A bombardier beetle (D:5)
  17 orc priests
  16 jellies
  A sleepcap (D:5)
  3 iguanas
  26 orc wizards
  10 hell rats
  20 gnolls
  5 adders
  3 shadow imps
  2 white imps
  4 ufetubi (D:5)
  2 dart slugs
  69 orcs
  9 ball pythons
  10 endoplasms
  3 giant cockroaches
  6 goblins
  4 hobgoblins
  A quokka (D:2)
  3 bats
  A frilled lizard (D:2)
  7 kobolds
  2 rats
698 creatures vanquished.

Vanquished Creatures (collateral kills)
  An orc priest (Orc:1)
  A shadow imp (D:7)
  A kobold (D:7)
3 creatures vanquished.

Vanquished Creatures (others)
  A manticore (Lair:5)
  A kobold brigand (D:7)
  An orc wizard (Orc:2)
  2 orcs (Orc:2)
5 creatures vanquished.

Grand Total: 706 creatures vanquished

Table legend: (Time is in decaauts)
 A = Elapsed time spent in this place.
 B = Non-inter-level travel time spent in this place.
 C = Inter-level travel time spent in this place.
 D = Time resting spent in this place.
 E = Time spent auto-exploring this place.
 F = Levels seen in this place.
 G = Mean time per level.
                   A        B        C        D        E       F      G
               +--------+--------+--------+--------+--------+-----+--------+
         Total |  24097 |  21400 |   2697 |   2498 |  13317 |  25 |  963.9 |
       Dungeon |  15677 |  13705 |   1972 |   1266 |   9336 |  15 | 1045.1 |
        Temple |     54 |      1 |     53 |      0 |      0 |   1 |   54.0 |
          Lair |   5462 |   5077 |    385 |    670 |   3100 |   5 | 1092.4 |
   Spider Nest |     31 |     31 |      0 |      0 |      0 |   1 |   31.0 |
  Orcish Mines |   2822 |   2536 |    286 |    562 |    865 |   2 | 1411.0 |
        Bazaar |     49 |     49 |      0 |      0 |     16 |   1 |   49.0 |
               +--------+--------+--------+--------+--------+-----+--------+

Top non-repeatable levels by time:
     D:5: 1950 daAuts
  Lair:5: 1678 daAuts
     D:9: 1581 daAuts
   Orc:2: 1442 daAuts
     D:8: 1402 daAuts
   Orc:1: 1380 daAuts
     D:2: 1102 daAuts
  Lair:2: 1083 daAuts
     D:4: 1043 daAuts
    D:11: 1030 daAuts
    D:10: 1029 daAuts
    D:12: 1003 daAuts
     D:1: 1003 daAuts
    D:14: 967 daAuts
  Lair:4: 944 daAuts

Table legend:
 A = Non-vault XP
 B = Vault XP
 C = Vault XP percentage of total XP
 D = Non-vault monster count
 E = Vault monster count
 F = Vault count percentage of total count
                 A         B        C        D         E       F
            +---------+---------+-------+---------+---------+-------
      Total |  106915 |   53727 |  33.4 |     524 |     176 |  25.1
            +---------+---------+-------+---------+---------+-------
        D:1 |      25 |       0 |   0.0 |      14 |       0 |   0.0
        D:2 |      34 |       0 |   0.0 |      14 |       0 |   0.0
        D:3 |     104 |       0 |   0.0 |      16 |       0 |   0.0
        D:4 |     259 |       2 |   0.8 |      15 |       1 |   6.2
        D:5 |     822 |    1195 |  59.2 |      26 |      13 |  33.3
        D:6 |      57 |     669 |  92.1 |       2 |       5 |  71.4
        D:7 |    1046 |    1306 |  55.5 |      17 |      11 |  39.3
        D:8 |    3113 |    1210 |  28.0 |      41 |       7 |  14.6
        D:9 |    4422 |     765 |  14.7 |      24 |       1 |   4.0
       D:10 |    5483 |       0 |   0.0 |      21 |       0 |   0.0
       D:11 |    1824 |       0 |   0.0 |       7 |       0 |   0.0
       D:12 |    2707 |       0 |   0.0 |      18 |       0 |   0.0
       D:13 |    3702 |    5024 |  57.6 |      10 |       9 |  47.4
       D:14 |    9274 |    6845 |  42.5 |      21 |      26 |  55.3
       D:15 |   14158 |    2936 |  17.2 |      31 |       4 |  11.4
     Lair:1 |    4204 |       0 |   0.0 |      21 |       0 |   0.0
     Lair:2 |    7294 |    4812 |  39.7 |      32 |       9 |  22.0
     Lair:3 |   12283 |    1367 |  10.0 |      36 |       7 |  16.3
     Lair:4 |    8801 |       0 |   0.0 |      32 |       0 |   0.0
     Lair:5 |   16871 |   13282 |  44.0 |      54 |      44 |  44.9
   Spider:1 |    3142 |       0 |   0.0 |       8 |       0 |   0.0
      Orc:1 |    5151 |    3538 |  40.7 |      42 |       9 |  17.6
      Orc:2 |    2139 |   10776 |  83.4 |      22 |      30 |  57.7
            +---------+---------+-------+---------+---------+-------
